 Dungeon Crawl Stone Soup version 0.22-a0-525-gf69a080 (webtiles) character file.

9562 Mgcat the Severer (level 11, -3/89 HPs)
             Began as a Hill Orc Gladiator on June 21, 2018.
             Was a Believer of Makhleb.
             Killed from afar by Erolcha (26 damage)
             ... with a bolt of cold
             ... on level 9 of the Dungeon.
             The game lasted 00:17:54 (7208 turns).

Mgcat the Severer (Hill Orc Gladiator)              Turns: 7208, Time: 00:17:55

Health: -3/89      AC: 15    Str: 24    XL:     11   Next: 48%
Magic:  23/23      EV: 16    Int:  8    God:    Makhleb [**....]
Gold:   604        SH:  0    Dex: 17    Spells: 8/10 levels left

rFire    . . .     SeeInvis .   a - +4 war axe
rCold    . . .     Gourm    .   (no shield)
rNeg     + . .     Faith    .   x - +0 chain mail
rPois    +         Spirit   .   c - +0 helmet
rElec    .         Reflect  .   (no cloak)
rCorr    .         Harm     .   t - +1 pair of gloves {Str+3}
MR       .....                  n - +1 pair of boots
Stlth    ..........             (no amulet)
HPRegen  0.24/turn              F - ring of poison resistance {rPois, !d}
MPRegen  0.18/turn              z - ring "Loanadufai" {rN+ MP+9}

@: agile
A: no striking features
a: Minor Destruction, Renounce Religion


You were on level 9 of the Dungeon.
You worshipped Makhleb.
Makhleb was pleased with you.
You were hungry.

You visited 1 branch of the dungeon, and saw 9 of its levels.

You collected 604 gold pieces.

Inventory:

Hand Weapons
 a - a +4 war axe (weapon)
Missiles
 d - 7 throwing nets {=f, !d}
Armour
 c - a +0 helmet (worn)
 n - a +1 pair of boots (worn)
   (You found it on level 2 of the Dungeon)
 t - a +1 pair of gloves of strength (worn)
   (You found it on level 3 of the Dungeon)
 x - a +0 chain mail (worn)
   (You found it on level 3 of the Dungeon)
Jewellery
 p - an uncursed ring of fire {rF+, rC-}
   (You took it off an orc on level 6 of the Dungeon)
 s - an uncursed ring of stealth {Stlth+}
   (You found it on level 3 of the Dungeon)
 z - the ring "Loanadufai" (right hand) {rN+ MP+9}
   (You found it on level 7 of the Dungeon)

   [ring of positive energy]

   It protects you from negative energy.
   It affects your magic capacity (+9).
 F - a ring of poison resistance (left hand) {rPois, !d}
   (You found it on level 8 of the Dungeon)
Wands
 h - a wand of disintegration (6)
   (You took it off Pikel on level 6 of the Dungeon)
 w - a wand of digging (15)
   (You found it on level 5 of the Dungeon)
 y - a wand of clouds (3)
   (You took it off a gnoll on level 7 of the Dungeon)
 A - a wand of scattershot (7)
   (You found it on level 8 of the Dungeon)
 B - a wand of polymorph (20)
   (You found it on level 8 of the Dungeon)
Scrolls
 g - 4 scrolls of fear
 j - a scroll of magic mapping {!r}
 l - a scroll of fog
 m - a scroll of teleportation
 q - 6 scrolls of remove curse
 v - a scroll of blinking {!r}
 E - a scroll of identify
Potions
 b - 2 potions of brilliance {unknown}
 e - a potion of lignification {unknown}
 i - a potion of resistance {unknown}
 k - 4 potions of flight
 o - a potion of degeneration {unknown}
 r - a potion of curing
 D - a potion of magic {unknown}
Comestibles
 f - 19 rations


   Skills:
 - Level 5.7 Fighting
 + Level 18.2 Axes
 - Level 1.7 Throwing
 - Level 5.1 Armour
 - Level 5.0 Dodging
 - Level 5.3 Invocations


You had 8 spell levels left.
You knew the following spells:

 Your Spells              Type           Power        Failure   Level  Hunger
a - Swiftness             Chrm/Air       #.......     99%         2    ###....

Your spell library contained the following spells:

 Spells                   Type           Power        Failure   Level  Hunger
 Apportation              Tloc           #.....       96%         1    ##.....
 Lightning Bolt           Conj/Air       #.........   100%        5    ######.
 Summon Small Mammal      Summ           #...         96%         1    ##.....
 Animate Skeleton         Necr           N/A          96%         1    ##.....
 Stone Arrow              Conj/Erth      #.....       100%        3    ####...
 Shock                    Conj/Air       #...         96%         1    ##.....
 Airstrike                Air            #.........   100%        4    #####..
 Confusing Touch          Hex            #.....       96%         1    ##.....
 Passwall                 Tmut/Erth      #.......     99%         2    ###....
 Static Discharge         Conj/Air       #.......     100%        3    ####...
 Lee's Rapid Deconstruct  Erth           #.........   100%        5    ######.
 Sandblast                Erth           #.....       96%         1    ##.....
 Petrify                  Tmut/Erth      #.......     100%        4    #####..


Dungeon Overview and Level Annotations

Branches:
Dungeon (9/15)             Temple (0/1) D:7
   Lair: D:8-11         Orc: D:9-12

Altars:
Cheibriados
Dithmenos
Elyvilon
Gozag
Hepliaklqana
Kikubaaqudgha
Makhleb
Nemelex Xobeh
Okawaru
Qazlal
Uskayaw
Vehumet
Xom

Annotations:
D:9 Erolcha


Message History

You slash the yak!
The yak is heavily wounded.
You slice the yak!!
You kill the yak!
Makhleb accepts your kill.
The yak bellows!
You hear an angry hiss.
You hear an angry buzzing noise. x2
The yak barely misses you.
An adder comes into view.
Things that are here:
a yak corpse x2
You hit the yak.
The yak is lightly wounded.
The yak gores you.
You hit the yak.
The yak is lightly wounded.
The yak closely misses you.
You slash the yak!
The yak is heavily wounded.
The yak gores you but does no damage.
You hit the yak but do no damage.
The yak is heavily wounded.
You slash the yak!
The yak is severely wounded.
You hear a shout!
The yak gores you!
An orc wizard comes into view. It is wielding a dagger of venom.
You hit the yak.
The yak is almost dead.
The yak gores you but does no damage.
You closely miss the yak.
The yak is almost dead.
You slash the yak!
You kill the yak!
Makhleb accepts your kill.
You slash the yak!
The yak is moderately wounded.
You closely miss the yak.
The yak is moderately wounded.
The yak barely misses you.
A killer bee comes into view.
You feel agile all of a sudden.
The killer bee buzzes angrily.
You hear an angry growl.
You hear an angry buzzing noise.
The yak misses you.
You hear an angry buzzing noise.
You slash the yak!
The yak is heavily wounded.
You hear an angry buzzing noise.
The yak closely misses you.
You hit the yak.
The yak is heavily wounded.
You barely miss the yak.
The yak is heavily wounded.
The yak misses you.
You slice the yak!!
You kill the yak!
Makhleb accepts your kill.
You feel better.
You completely miss the two-headed ogre.
You hear a distant slurping noise.
The two-headed ogre hits you but does no damage.
The two-headed ogre hits you with a giant club.
You hit the two-headed ogre.
The two-headed ogre is lightly wounded.
The two-headed ogre closely misses you.
The two-headed ogre hits you with a giant club!
You hit the two-headed ogre.
The two-headed ogre is lightly wounded.
You completely miss the two-headed ogre.
The two-headed ogre is lightly wounded.
The two-headed ogre completely misses you.
The two-headed ogre hits you with a giant club!
You slash the two-headed ogre!
The two-headed ogre is moderately wounded.
Your chain mail prevents you from hitting the two-headed ogre.
The two-headed ogre is moderately wounded.
The two-headed ogre hits you with a dire flail!
The two-headed ogre hits you with a giant club.
You hit the two-headed ogre.
The two-headed ogre is moderately wounded.
The two-headed ogre hits you with a dire flail!
* * * LOW HITPOINT WARNING * * *
The two-headed ogre hits you but does no damage.
Okay, then.
Okay, then.
Things that are here:
a war axe; 17 gold pieces; an orc corpse
As you read the scroll of teleportation, it crumbles to dust.
You feel strangely unstable.
Your surroundings suddenly seem different.
Erolcha the Cunning comes into view.
She is wielding a giant club.
Erolcha shouts!
Unknown command.
Unknown command.
Okay, then.
Unknown command.
You feel better. Erolcha gestures at you while chanting.
The bolt of cold hits you!
You die...

#....
#.#.#
##.#.#
..#.###
#.....#
#..O..#
#.....#
#..@..#
#....)#
#######


You could see Erolcha.

Vanquished Creatures
  3 two-headed ogres (D:8)
  Pikel (D:6)
  Maurice (D:9)
  Prince Ribbit (D:6)
  4 hippogriffs
  Sigmund (D:6)
  9 yaks (D:9)
  3 chaos spawn (D:8)
  A water moccasin (D:8)
  2 sky beasts
  A slave (D:6)
  An eye of draining (D:8)
  An orc warrior (D:7)
  A black bear (D:8)
  9 ogres
  2 centaurs
  A crocodile (D:8)
  A big kobold (D:8)
  A gnoll sergeant (D:7)
  5 bullfrogs
  2 scorpions
  9 killer bees (D:7)
  6 howler monkeys
  2 centaur zombies (D:7)
  4 crimson imps
  3 bullfrog zombies
  2 orc priests
  2 jellies
  2 hounds
  6 orc wizards
  Jessica (D:2)
  An iguana (D:7)
  Natasha (thrice) (D:2)
  8 worker ants
  A hound skeleton (D:6)
  19 gnolls
  9 adders
  2 shadow imps
  An ooze (D:1)
  2 adder zombies
  An adder skeleton (D:7)
  A worm (D:4)
  5 dart slugs
  5 leopard geckos
  33 orcs
  A ball python (D:7)
  3 giant cockroaches
  4 goblins
  10 hobgoblins
  2 jackals (D:6)
  6 bats
  3 frilled lizards
  A jackal skeleton (D:7)
  11 kobolds
  A leopard gecko skeleton (D:4)
  2 leopard gecko zombies (D:5)
  6 rats
229 creatures vanquished.

Notes
Turn   | Place    | Note
-------+----------+-------------------------------------------
     0 | D:1      | Mgcat the Hill Orc Gladiator began the quest for the Orb.
     0 | D:1      | Reached XP level 1. HP: 18/18 MP: 1/1
    62 | D:1      | Reached XP level 2. HP: 24/25 MP: 2/2
   119 | D:1      | HP: 4/25 [gnoll/spear (10)]
   121 | D:1      | Reached skill level 5 in Axes
   759 | D:1      | Reached XP level 3. HP: 30/30 MP: 3/3
  1054 | D:2      | Found a shadowy altar of Dithmenos.
  1134 | D:2      | Reached skill level 6 in Axes
  1223 | D:2      | Noticed Jessica
  1229 | D:2      | Killed Jessica
  1229 | D:2      | Reached XP level 4. HP: 37/37 MP: 4/4
  1284 | D:2      | Noticed Natasha
  1289 | D:2      | Killed Natasha
  1289 | D:2      | Reached skill level 7 in Axes
  1378 | D:2      | Noticed Natasha
  1391 | D:2      | HP: 9/37 [Natasha/magic dart (2)]
  1392 | D:2      | Killed Natasha
  1392 | D:2      | Reached XP level 5. HP: 10/42 MP: 5/5
  1887 | D:2      | Noticed Natasha
  1898 | D:2      | Killed Natasha
  1898 | D:2      | Reached skill level 8 in Axes
  2090 | D:3      | Reached XP level 6. HP: 31/50 MP: 6/6
  2218 | D:3      | Reached skill level 9 in Axes
  2283 | D:3      | Found a radiant altar of Vehumet.
  2794 | D:4      | Reached skill level 10 in Axes
  2798 | D:4      | Reached XP level 7. HP: 46/56 MP: 7/7
  2982 | D:4      | Found a snail-covered altar of Cheibriados.
  3245 | D:4      | Reached skill level 11 in Axes
  3269 | D:4      | Found an ancient bone altar of Kikubaaqudgha.
  3271 | D:4      | Found a shimmering altar of Xom.
  3271 | D:4      | Found a shadowy altar of Dithmenos.
  3273 | D:4      | Found a bloodstained altar of Trog.
  3273 | D:4      | Found a shimmering altar of Xom.
  3273 | D:4      | Found a blossoming altar of Fedhas.
  3751 | D:5      | Entered Level 5 of the Dungeon
  3917 | D:5      | Found a white marble altar of Elyvilon.
  3922 | D:5      | Found a hide-covered altar of Uskayaw.
  3925 | D:5      | Found an opulent altar of Gozag.
  3978 | D:5      | Reached skill level 12 in Axes
  3978 | D:5      | Reached XP level 8. HP: 52/62 MP: 8/8
  4595 | D:5      | Found a sparkling altar of Nemelex Xobeh.
  4838 | D:6      | Noticed Prince Ribbit
  4851 | D:6      | Killed Prince Ribbit
  4851 | D:6      | Reached skill level 13 in Axes
  4946 | D:6      | Noticed Pikel
  4979 | D:6      | Killed Pikel
  4979 | D:6      | Reached skill level 14 in Axes
  4979 | D:6      | Reached XP level 9. HP: 42/68 MP: 9/9
  5133 | D:6      | Reached skill level 3 in Fighting
  5193 | D:6      | Reached skill level 4 in Fighting
  5205 | D:6      | Found a burning altar of Makhleb.
  5216 | D:6      | Became a worshipper of Makhleb the Destroyer
  5263 | D:6      | Noticed Sigmund
  5269 | D:6      | Killed Sigmund
  5269 | D:6      | Reached skill level 5 in Fighting
  5430 | D:7      | Reached skill level 1 in Armour
  5432 | D:7      | Reached skill level 2 in Armour
  5495 | D:7      | Reached skill level 3 in Armour
  5528 | D:7      | Found a hazy altar of Hepliaklqana.
  5533 | D:7      | Reached skill level 4 in Armour
  5549 | D:7      | Found a staircase to the Ecumenical Temple.
  5563 | D:7      | Reached skill level 5 in Armour
  5749 | D:7      | Reached skill level 3 in Dodging
  5772 | D:7      | Reached XP level 10. HP: 66/83 MP: 10/10
  5774 | D:7      | Reached skill level 4 in Dodging
  5780 | D:7      | Reached * piety under Makhleb
  5784 | D:7      | Found a transporter.
  5941 | D:7      | Reached skill level 5 in Dodging
  5980 | D:7      | Found an ancient bone altar of Kikubaaqudgha.
  5980 | D:7      | Found a stormy altar of Qazlal.
  6069 | D:7      | Reached skill level 1 in Invocations
  6087 | D:7      | Reached skill level 2 in Invocations
  6113 | D:7      | Found an iron altar of Okawaru.
  6271 | D:7      | Found a transporter.
  6271 | D:7      | Found a transporter.
  6271 | D:7      | Found a transporter.
  6271 | D:7      | Found a transporter.
  6273 | D:7      | Found a transporter.
  6281 | D:7      | Reached skill level 3 in Invocations
  6298 | D:7      | Reached skill level 4 in Invocations
  6431 | D:7      | Learned a level 2 spell: Swiftness
  6439 | D:7      | Got a fine golden ring
  6463 | D:7      | Identified the ring "Loanadufai" {rN+ MP+9} (You found it on level 7 of the Dungeon)
  6535 | D:8      | Reached skill level 5 in Invocations
  6541 | D:8      | Noticed a two-headed ogre
  6551 | D:8      | Killed a two-headed ogre
  6551 | D:8      | Reached skill level 15 in Axes
  6652 | D:8      | Found a shimmering altar of Xom.
  6652 | D:8      | Noticed a two-headed ogre
  6654 | D:8      | Noticed a two-headed ogre
  6662 | D:8      | Killed a two-headed ogre
  6662 | D:8      | Reached ** piety under Makhleb
  6662 | D:8      | Reached skill level 16 in Axes
  6671 | D:8      | Killed a two-headed ogre
  6671 | D:8      | Reached XP level 11. HP: 80/89 MP: 14/14
  6672 | D:8      | Reached skill level 17 in Axes
  6687 | D:8      | Found the -1 mace of Variability {chaos}
  7120 | D:9      | Noticed Maurice
  7133 | D:9      | Killed Maurice
  7170 | D:9      | Noticed a two-headed ogre
  7178 | D:9      | Reached skill level 18 in Axes
  7203 | D:9      | HP: 16/89 [two-headed ogre/dire flail (17)]
  7207 | D:9      | Noticed Erolcha
  7208 | D:9      | Killed from afar by Erolcha

Vault maps used:
D:1:      dpeg_arrival_pond
D:2:      nicolae_overflow_hidden_temple, uniq_jessica, uniq_crazy_yiuf_cottage,
          uniq_natasha
D:3:      fiery_altar_vehumet
D:4:      kennysheep_spiral_hall, doesnt_xom_only_xom, old_standard_altar,
          first_ration
D:5:      kennysheep_mini, nicolae_gozag_seed_capital,
          grunt_temple_overflow_open
D:6:      makhleb_heckhound_becter, uniq_prince_ribbit1, uniq_sigmund,
          uniq_pikel
D:7:      gammafunk_the_bubble, gammafunk_temple_overflow_wave,
          lemuel_crystal_altar, minmay_temple_entry_junction, basic_altar,
          grunt_ogre_cave
D:8:      minmay_guarded_unrand_variability
D:9:      marbit_many_paths, basic_altar, gammafunk_ghost_grave,
          jmf_multi_god_temple2, uniq_erolcha, uniq_maurice

Skill      XL: |  1  2  3  4  5  6  7  8  9 10 11 |
---------------+----------------------------------+-----
Axes           | 5 6 7 8 10 12 14 16 18 | 18.2
Fighting       | 5 |  5.7
Armour         | 5 |  5.1
Dodging        | 3 5 |  5.0
Invocations    | 5 |  5.3
Throwing       | |  1.7

Action                   |  1- 3 |  4- 6 |  7- 9 | 10-12 || total
-------------------------+-------+-------+-------+-------++-------
Melee: War axe           |    67 |   154 |   305 |   237 ||   763
Evoke: Wand              |       |       |       |     5 ||     5
  Use: Scroll            |       |     9 |     4 |     3 ||    16
       Potion            |       |       |     6 |     2 ||     8
 Stab: Confused          |       |       |       |     1 ||     1
  Eat: Chunk             |     1 |     5 |    10 |     4 ||    20
Armor: Leather armour    |    19 |    30 |       |       ||    49
       Chain mail        |       |    16 |   142 |   101 ||   259
Dodge: Dodged            |    36 |   109 |    91 |    90 ||   326

Table legend:
 A = Spawn XP
 B = Non-spawn XP
 C = Spawn XP percentage of total XP
 D = Spawn monster count
 E = Non-spawn monster count
 F = Spawn count percentage of total count
 G = Total turns spent on level
                    A         B        C        D         E        F      G
               +---------+---------+-------+---------+---------+-------+---------
         Total |       0 |   13660 |   0.0 |       0 |     228 |   0.0 |  7208
               +---------+---------+-------+---------+---------+-------+---------
           D:1 |       0 |      47 |   0.0 |       0 |      15 |   0.0 |  1015
           D:2 |       0 |     199 |   0.0 |       0 |      22 |   0.0 |   996
           D:3 |       0 |     186 |   0.0 |       0 |      26 |   0.0 |   538
           D:4 |       0 |     582 |   0.0 |       0 |      25 |   0.0 |  1202
           D:5 |       0 |     625 |   0.0 |       0 |      25 |   0.0 |  1077
           D:6 |       0 |    1660 |   0.0 |       0 |      18 |   0.0 |   594
           D:7 |       0 |    2914 |   0.0 |       0 |      52 |   0.0 |  1090
           D:8 |       0 |    4841 |   0.0 |       0 |      26 |   0.0 |   552
           D:9 |       0 |    2606 |   0.0 |       0 |      19 |   0.0 |   144
               +---------+---------+-------+---------+---------+-------+---------

Vault maps used:
D:1:      dpeg_arrival_pond
D:2:      nicolae_overflow_hidden_temple, uniq_jessica, uniq_crazy_yiuf_cottage,
          uniq_natasha
D:3:      fiery_altar_vehumet
D:4:      kennysheep_spiral_hall, doesnt_xom_only_xom, old_standard_altar,
          first_ration
D:5:      kennysheep_mini, nicolae_gozag_seed_capital,
          grunt_temple_overflow_open
D:6:      makhleb_heckhound_becter, uniq_prince_ribbit1, uniq_sigmund,
          uniq_pikel
D:7:      gammafunk_the_bubble, gammafunk_temple_overflow_wave,
          lemuel_crystal_altar, minmay_temple_entry_junction, basic_altar,
          grunt_ogre_cave
D:8:      minmay_guarded_unrand_variability
D:9:      marbit_many_paths, basic_altar, gammafunk_ghost_grave,
          jmf_multi_god_temple2, uniq_erolcha, uniq_maurice

Table legend:
 A = Turns spent in this place as a percentage of turns spent in the entire game.
 B = Non-inter-level travel turns spent in this place as a percentage of non-inter-level travel turns spent in the entire game.
 C = Inter-level travel turns spent in this place as a percentage of turns spent in this place.
 D = Turns resting spent in this place as a percentage of non-inter-level travel turns spent in this place.
 E = Turns spent auto-exploring this place as a percentage of non-inter-level travel turns spent in this place.
 F = Non-inter-level travel turns spent in this place divided by the number of levels of this place that you've seen.
                   A       B       C       D       E      F
               +-------+-------+-------+-------+-------+----------------------
         Total | 100.0 | 100.0 |   5.8 |   0.2 |  76.8 | 754.8
       Dungeon | 100.0 | 100.0 |   5.8 |   0.2 |  76.8 | 754.8
               +-------+-------+-------+-------+-------+----------------------

Table legend:
 A = Kills in this place as a percentage of kills in entire the game.
 B = Kills by you in this place as a percentage of kills by you in the entire game.
 C = Kills by friends in this place as a percentage of kills by friends in the entire game.
 D = Other kills in this place as a percentage of other kills in the entire game.
 E = Experience gained in this place as a percentage of experience gained in the entire game.
 F = Experience gained in this place divided by the number of levels of this place that you have seen.
                   A       B       C       D       E      F
               +-------+-------+-------+-------+-------+----------------------
         Total | 100.0 | 100.0 |   N/A |   N/A | 100.0 | 1517.8
       Dungeon | 100.0 | 100.0 |   N/A |   N/A | 100.0 | 1517.8
               +-------+-------+-------+-------+-------+----------------------
